AoeStats
← Pwncakes

Lombardia

510181425Analyzed
4v4 RM · 2d ago on Sep 29, 2026· 70m 7s· 8 players
Game mode
Random Map
Map size
Large (8 player)
Population
200
Speed
Normal
Resources
Standard
Victory
Conquest
Starting age
Dark Age
Ending age
Imperial Age
RankedLock teamsTeams togetherTeam positionsShared explorationLock speedFull tech treeHidden civsTurbo modeCheats
Victory
Defeat
🇩🇪 Vikings · Germany
1353
+16
🇪🇸 Mongols · Spain
1347
+16
🇩🇪 Shu · Germany
1343
+16
🇮🇹 Magyars · Italy
1336
+17
🇪🇸 Slavs · Spain
1374
-17
🇦🇷 Mongols · Argentina
1354
-16
🇺🇸 Mapuche · United States
1352
-16
🇮🇳 Magyars · India
1351
-16
Acces
4:33 Loom
12:22 Feudal Age
12:50 Double-Bit Axe
12:46 Horse Collar
25:57 Castle Age
24:45 Scale Mail Armor
24:56 Forging
26:38 Wheelbarrow
26:41 Heavy Plow
27:19 Bow Saw
26:54 Pikeman
27:55 Chain Mail Armor
27:46 Squires
29:54 Hand Cart
30:43 Fervor
33:35 Imperial Age
31:50 Town Watch
34:54 Plate Mail Armor
35:37 Halberdier
36:21 Arson
37:36 Coiled Serpent Array
39:21 Two-Man Saw
39:24 Conscription
40:24 Padded Archer Armor
40:14 Fletching
40:40 Caravan
40:44 Elite White Feather Guard
41:40 Bodkin Arrow
41:09 Elite Skirmisher
42:53 Bracer
43:47 Leather Archer Armor
45:05 Ring Archer Armor
45:35 Fortified Wall
45:46 Ballistics
45:39 Masonry
48:03 Thumb Ring
48:58 Town Patrol
51:36 Chemistry
51:06 Architecture
50:43 Gold Mining
50:43 Stone Mining
56:57 Man-at-Arms
57:22 Gambesons
58:21 Long Swordsman
59:42 Two-Handed Swordsman
60:18 Capped Ram
62:26 Siege Ram
63:53 Champion
Ponfe
6:27 Loom
8:51 Feudal Age
10:18 Double-Bit Axe
13:22 Horse Collar
21:32 Castle Age
24:06 Bow Saw
23:57 Heavy Plow
23:52 Stone Mining
25:56 Gold Mining
29:17 Wheelbarrow
32:16 Imperial Age
31:07 Gold Shaft Mining
32:09 Fletching
32:19 Padded Archer Armor
32:32 Bloodlines
32:22 Husbandry
33:01 Hand Cart
32:33 Town Watch
33:30 Bodkin Arrow
33:50 Leather Archer Armor
35:07 Parthian Tactics
34:48 Thumb Ring
34:49 Bracer
35:13 Ballistics
35:42 Conscription
36:19 Stone Shaft Mining
37:24 Chemistry
36:36 Masonry
37:15 Elite Mangudai
42:24 Hoardings
43:56 Caravan
49:20 Coinage
49:00 Siege Engineers
48:52 Murder Holes
49:00 Scale Mail Armor
49:10 Forging
49:04 Town Patrol
50:06 Herbal Medicine
53:01 Banking
Elron69
8:07 Loom
9:52 Feudal Age
11:08 Double-Bit Axe
15:23 Horse Collar
18:29 Castle Age
18:16 Scale Mail Armor
18:14 Gold Mining
20:43 Bow Saw
21:39 Chain Mail Armor
22:47 Squires
23:27 Forging
23:43 Arson
25:34 Heavy Plow
27:22 Town Watch
30:48 Stone Mining
31:38 Gold Shaft Mining
34:07 Imperial Age
32:47 Iron Casting
32:46 Ballistics
35:23 Plate Mail Armor
34:16 Elite Varangian Guard
34:22 Capped Ram
36:10 Two-Man Saw
35:47 Conscription
36:51 Blast Furnace
36:27 Crop Rotation
35:55 Siege Ram
39:12 Fletching
39:05 Treadmill Crane
40:26 Chemistry
40:05 Chieftains
40:04 Bodkin Arrow
40:42 Elite Skirmisher
41:23 Bracer
42:22 Padded Archer Armor
45:01 Leather Archer Armor
44:58 Masonry
46:12 Ring Archer Armor
48:30 Architecture
49:44 Siege Engineers
49:59 Pikeman
55:45 Caravan
59:48 Man-at-Arms
62:27 Long Swordsman
63:12 Two-Handed Swordsman
64:29 Champion
GdR_Johnny Vacanzieri
12:27 Feudal Age
12:37 Loom
13:12 Double-Bit Axe
13:07 Horse Collar
13:18 Gold Mining
18:47 Castle Age
18:05 Stone Mining
19:43 Bow Saw
19:57 Heavy Plow
26:04 Wheelbarrow
25:14 Town Watch
30:48 Imperial Age
29:18 Scale Barding Armor
29:40 Hand Cart
30:55 Chain Barding Armor
31:21 Bloodlines
31:12 Husbandry
30:32 Light Cavalry
31:54 Gold Shaft Mining
31:00 Cavalier
32:01 Conscription
32:19 Plate Barding Armor
32:47 Two-Man Saw
32:37 Crop Rotation
32:32 Paladin
35:46 Caravan
36:35 Hussar
47:39 Fletching
48:54 Chemistry
48:19 Ballistics
48:27 Bodkin Arrow
49:48 Bracer
61:28 Siege Engineers
61:34 Masonry
61:04 Treadmill Crane
wilkerbrice12
9:16 Feudal Age
9:39 Loom
10:02 Double-Bit Axe
13:19 Horse Collar
16:26 Wheelbarrow
17:45 Stone Mining
17:50 Gold Mining
21:29 Castle Age
21:00 Forging
21:50 Scale Barding Armor
21:58 Bloodlines
24:17 Bow Saw
26:36 Hand Cart
28:05 Stone Mining
28:53 Gold Shaft Mining
29:13 Caravan
30:21 Light Cavalry
31:33 Town Watch
34:08 Chain Barding Armor
34:53 Iron Casting
34:55 Husbandry
38:44 Imperial Age
37:21 Detinets
37:49 Murder Holes
38:26 Squires
38:21 Fletching
39:29 Ballistics
39:07 Bodkin Arrow
38:55 Elite Boyar
39:56 Conscription
40:03 Fortified Wall
41:13 Plate Barding Armor
41:39 Blast Furnace
42:41 Chemistry
41:52 Masonry
44:41 Scale Mail Armor
51:02 Capped Ram
52:55 Hoardings
52:58 Onager
55:32 Siege Onager
58:02 Heavy Scorpion
59:46 Hussar
61:12 Pikeman
62:18 Chain Mail Armor
62:03 Halberdier
64:03 Siege Engineers
66:16 Siege Ram
Pwncakes
8:17 Loom
10:54 Feudal Age
12:18 Horse Collar
17:08 Castle Age
15:14 Double-Bit Axe
16:09 Horse Collar
18:47 Fletching
22:26 Heavy Plow
25:13 Bow Saw
26:27 Wheelbarrow
26:52 Stone Mining
29:20 Hand Cart
29:29 Bodkin Arrow
29:35 Padded Archer Armor
30:30 Town Watch
33:59 Imperial Age
31:32 Gold Mining
32:48 Leather Archer Armor
32:39 Malon
35:26 Ballistics
36:10 Chemistry
35:22 Butalmapu
36:13 Conscription
35:58 Elite Bolas Rider
38:44 Ring Archer Armor
38:17 Elite Kona
40:45 Caravan
41:30 Hoardings
41:31 Hoardings
42:17 Forging
43:48 Masonry
46:04 Iron Casting
50:04 Champi Runner
50:45 Scale Mail Armor
51:45 Blast Furnace
52:50 Coinage
55:33 Champi Warrior
56:29 Chain Mail Armor
56:00 Arson
57:16 Banking
56:25 Pikeman
56:31 Elite Champi Warrior
60:50 Plate Mail Armor
VedtheAssasin
8:39 Loom
10:55 Feudal Age
12:24 Double-Bit Axe
13:40 Horse Collar
16:31 Castle Age
22:47 Wheelbarrow
25:48 Hand Cart
25:22 Town Watch
26:16 Bow Saw
31:20 Imperial Age
28:42 Fletching
29:20 Bloodlines
31:25 Bodkin Arrow
31:49 Thumb Ring
31:27 Heavy Cavalry Archer
32:33 Parthian Tactics
33:10 Chemistry
32:13 Padded Archer Armor
33:48 Recurve Bow
34:16 Husbandry
33:38 Light Cavalry
35:31 Leather Archer Armor
35:16 Bracer
35:59 Scale Barding Armor
36:45 Ring Archer Armor
37:11 Hoardings
40:01 Scale Barding Armor
45:13 Chain Barding Armor
44:30 Hussar
51:58 Ballistics
51:50 Masonry
53:13 Plate Barding Armor
57:18 Coinage
58:31 Caravan
felixaleman1010
5:13 Loom
9:42 Feudal Age
10:21 Double-Bit Axe
10:23 Horse Collar
13:38 Town Watch
21:13 Castle Age
19:42 Scale Barding Armor
19:48 Forging
19:57 Bloodlines
20:25 Forging
21:05 Stone Mining
21:07 Gold Mining
26:07 Husbandry
32:27 Wheelbarrow
33:24 Caravan
36:21 Imperial Age
35:42 Iron Casting
35:08 Scale Mail Armor
34:58 Fletching
35:08 Padded Archer Armor
34:59 Fletching
35:29 Chain Barding Armor
36:34 Ballistics
36:10 Murder Holes
36:41 Thumb Ring
37:11 Bodkin Arrow
38:22 Blast Furnace
36:44 Light Cavalry
38:00 Hand Cart
38:09 Conscription
40:30 Bracer
39:57 Elite Mangudai
40:38 Capped Ram
41:49 Leather Archer Armor
41:34 Bracer
41:52 Leather Archer Armor
43:44 Chemistry
43:07 Chain Barding Armor
43:31 Siege Ram
51:17 Scale Mail Armor
52:42 Hussar
53:39 Chain Mail Armor
68:39 Onager
Connection lost

Rejoining the realm…

Still unreachable

The connection could not be restored.

Session expired

The server has moved on; the page needs a fresh start.